 Dungeon Crawl Stone Soup version 0.28.0-47-ge53b351184 (webtiles) character file.

Game seed: 7154477671605141507

46 Acheron the Skirmisher (level 3, -2/30 HPs)
             Began as a Demonspawn Abyssal Knight on May 5, 2022.
             Was a Follower of Lugonu.
             Succumbed to a water moccasin's poison
             ... in a sewer.
             The game lasted 00:05:26 (1576 turns).

Acheron the Skirmisher (Demonspawn Abyssal Knight)  Turns: 1576, Time: 00:05:27

Health: -2/30      AC:  3    Str: 13    XL:     3   Next: 46%
Magic:  4/4        EV: 11    Int: 11    God:    Lugonu [*.....]
Gold:   23         SH:  0    Dex: 15    Spells: 2/2 levels left

rFire   . . .      SeeInvis .   a - +1 falchion
rCold   . . .      Faith    .   (no shield)
rNeg    . . .      Spirit   .   b - +0 leather armour
rPois   .          Reflect  .   (no helmet)
rElec   .          Harm     .   (no cloak)
rCorr   .          Rampage  .   (no gloves)
Will    .....                   (no boots)
Stlth   +.........              (no amulet)
HPRegen 0.10/turn               (no ring)
MPRegen 0.09/turn               (no ring)

@: lethally poisoned (-2 -> -35), hasted, very quick
A: sturdy frame 1, demonic magic 1
a: Renounce Religion, Depart the Abyss


You were in a sewer.
You worshipped Lugonu.
Lugonu was aware of your devotion.
You visited 1 branch of the dungeon, and saw 4 of its levels.
You visited the Abyss 1 time.
You also visited: Sewer.

You collected 23 gold pieces.

Inventory:

Hand Weapons
 a - a +1 falchion (weapon)
 g - a +0 rapier
Missiles
 h - 4 javelins (quivered)
Armour
 b - a +0 leather armour (worn)
Scrolls
 d - a scroll of immolation
 i - a scroll of vulnerability
Potions
 e - a potion of cancellation {unknown}


   Skills:
 + Level 3.7 Fighting
 + Level 2.5 Long Blades
 + Level 2.0 Armour
 + Level 1.1 Dodging
 + Level 2.5 Invocations


You had 2 spell levels left.
You didn't know any spells.
Your spell library was empty.

Dungeon Overview and Level Annotations

Branches:
Dungeon (4/15)              Sewer (1/1)
 Temple: D:4-7

Altars:


Innate Abilities, Weirdness & Mutations

Your movements are slightly less encumbered by armour. (ER -2)
Spells you cast may paralyse adjacent enemies.


Message History

The water moccasin bites you. x2
You aren't carrying any items that you can evoke.
Okay, then.
Okay, then.
Unknown command.
Throw: throwing net
Press: ? - help, Q - select action, (/) - cycle Shift-Dir - straight line, f - water moccasin
Aim: a water moccasin (40% to hit)
You throw a throwing net.
The throwing net closely misses the water moccasin.
The water moccasin bites you but does no damage.
You slash the water moccasin!
The water moccasin is moderately wounded.
The water moccasin bites you. x2
You closely miss the water moccasin.
The water moccasin is moderately wounded.
The water moccasin barely misses you.
You closely miss the water moccasin.
The water moccasin is moderately wounded.
The water moccasin bites you. x2
You barely miss the water moccasin.
The water moccasin is moderately wounded.
The water moccasin barely misses you. The water moccasin bites you.
* * * LOW HITPOINT WARNING * * *
You are lethally poisoned!
The water moccasin poisons you!
You feel much better.
You feel very sick. The water moccasin bites you!
You are lethally poisoned!
The water moccasin poisons you!
You feel yourself speed up.
You feel very sick. The water moccasin bites you!
* * * LOW HITPOINT WARNING * * *
You are more poisoned.
The water moccasin poisons you!
You barely miss the water moccasin.
The water moccasin is moderately wounded.
You die...

##...## ##.## #.#
#.# ### #.# ....
#.# ..... #.#
$.....####.#######
).....S@.........∩
$.....############
..... .... ###


You could see a water moccasin.

Vanquished Creatures
  An adder (D:3)
  4 ball pythons
  7 bats
  4 endoplasms
  4 giant cockroaches (D:3)
  3 goblins
  3 hobgoblins
  A quokka (D:3)
  2 frilled lizards
  2 kobolds (D:1)
  2 rats
33 creatures vanquished.

Notes
Turn   | Place    | Note
-------+----------+-------------------------------------------
     0 | Abyss:1  | Acheron the Demonspawn Abyssal Knight began the quest for
                  | the Orb.
     0 | Abyss:1  | Reached XP level 1. HP: 18/18 MP: 2/2
    69 | Abyss:1  | Noticed a worldbinder
    69 | Abyss:1  | Noticed a neqoxec
    70 | Abyss:1  | Noticed a black mamba
    70 | D:1      | Escaped the Abyss
   454 | D:1      | Gained mutation: Your movements are slightly less
                  | encumbered by armour. (ER -2) [demonic ancestry]
   454 | D:1      | Reached XP level 2. HP: 24/24 MP: 3/3
   455 | D:1      | Reached * piety under Lugonu
   503 | D:1      | Found a faded altar of an unknown god.
   850 | D:3      | Reached skill level 1 in Dodging
   850 | D:3      | Gained mutation: Spells you cast may paralyse adjacent
                  | enemies. [demonic ancestry]
   850 | D:3      | Reached XP level 3. HP: 13/30 MP: 4/4
  1225 | D:3      | Found a glowing drain.
  1325 | Sewer    | Entered a sewer
  1565 | Sewer    | Noticed a water moccasin
  1576 | Sewer    | Succumbed to a water moccasin's poison

Illustrated notes

Levels and vault maps discovered:
D:1:      amcnicky_arrival_flooded_fountain, layout_loops_ring,
          dilly_ecumenical_altar_fadedgnrine
D:2:      layout_basic
D:3:      layout_loops_ring, lemuel_zombie_altar_yredelemnul,
          cheibrodos_sewer_entry_drain
D:4:      lemuel_castle_with_subvaults [lemuel_castle_interior_carwin_3],
          layout_basic, serial_shops, nicolae_shop_waterfront,
          kennysheep_small_circle, uniq_ijyb
Sewer:    sewer_big_baddie

Skill      XL: |  1  2 |
---------------+-------+-----
Long Blades    | 2 |  2.5
Armour         | 2 |  2.0
Dodging        | 1 |  1.1
Fighting       | |  3.7
Invocations    | |  2.5

Action                   || total
-------------------------++-------
Melee: Falchion          ||   120
       Punch             ||     2
Throw: Throwing net      ||     1
Invok: Depart the Abyss  ||     1
  Use: Scroll            ||     3
       Potion            ||     2
Armor: Leather armour    ||    42
Dodge: Dodged            ||    99
